 Dungeon Crawl Stone Soup version 0.27-a0-1090-gb115f176c6 (console) character file.

Game seed: 4441785082093180319

85 nht the Firebug (level 4, -1/30 HPs)
             Began as a Demonspawn Fire Elementalist on Apr 27, 2021.
             Slain by Crazy Yiuf
             ... wielding a +4 quarterstaff of chaos
              (9 damage)
             ... on level 2 of the Dungeon.
             The game lasted 00:04:45 (2613 turns).

nht the Firebug (Demonspawn Fire Elementalist)      Turns: 2613, Time: 00:04:46

Health: -1/30      AC:  3    Str:  8    XL:     4   Next: 25%
Magic:  1/7        EV: 17    Int: 17    God:
Gold:   34         SH:  0    Dex: 14    Spells: 6/7 levels left

rFire    . . .     SeeInvis .   f - +2 dagger (venom)
rCold    . . .     Faith    .   (no shield)
rNeg     . . .     Spirit   .   a - +0 robe
rPois    .         Reflect  .   (no helmet)
rElec    .         Harm     .   (no cloak)
rCorr    .         Rampage  .   (no gloves)
Will     .....                  (no boots)
Stlth    ++........             g - amulet of the acrobat
HPRegen  0.10/turn              (no ring)
MPRegen  0.10/turn              (no ring)

@: agile
A: talons 2, sharp scales 1
a: no special abilities


You were on level 2 of the Dungeon.
You visited 1 branch of the dungeon, and saw 2 of its levels.

You collected 34 gold pieces.

Inventory:

Hand Weapons
 e - a +1 short sword of draining
 f - a +2 dagger of venom (weapon)
Armour
 a - a +0 robe (worn)
 c - a +0 buckler
Jewellery
 g - an amulet of the acrobat (around neck)
Scrolls
 b - a scroll of teleportation
 h - a scroll of blinking
 i - a scroll of identify {unknown}
Potions
 d - a potion of flight {unknown}


   Skills:
 - Level 1.9 Dodging
 - Level 1.9 Stealth
 - Level 2.0 Spellcasting
 + Level 2.8 Conjurations
 + Level 3.7 Fire Magic


You had 6 spell levels left.
You knew the following spells:

 Your Spells              Type           Power      Damage    Failure   Level
a - Foxfire               Conj/Fire      48%        2x1d6     4%          1

Your spell library contained the following spells:

 Spells                   Type           Power      Damage    Failure   Level
 Magic Dart               Conj           44%        1d5       6%          1
 Conjure Flame            Conj/Fire      12%        6-21      16%         3
 Beastly Appendage        Tmut           2%         N/A       19%         1
 Corona                   Hex            1%         N/A       19%         1
 Inner Flame              Hex/Fire       8%         N/A       26%         3
 Blink                    Tloc           N/A        N/A       28%         2
 Call Imp                 Summ           1%         N/A       28%         2
 Ensorcelled Hibernation  Hex/Ice        2%         N/A       28%         2
 Slow                     Hex            1%         N/A       28%         2
 Wereblood                Tmut           1%         N/A       28%         2
 Dazzling Flash           Conj/Hex       12%        N/A       32%         3
 Mephitic Cloud           Conj/Pois/Air  4%         N/A       36%         3
 Sticky Flame             Conj/Fire      12%        2d4       45%         4
 Confusing Touch          Hex            1%         N/A       50%         3
 Spider Form              Tmut/Pois      0%         N/A       50%         3
 Tukima's Dance           Hex            1%         N/A       50%         3
 Fireball                 Conj/Fire      6%         3d5       80%         5
 Ice Form                 Ice/Tmut       1%         N/A       88%         4
 Hydra Form               Tmut           0%         N/A       99%         5


Dungeon Overview and Level Annotations

Branches:
Dungeon (2/15)

Altars:
Sif Muna

Annotations:
D:2 Crazy Yiuf


Innate Abilities, Weirdness & Mutations

You have razor-sharp toenails.
You are partially covered in razor-sharp scales. (AC +1, Slay +1)


Message History

Crazy Yiuf says, "Cholesterol!
East snail snail."
Crazy Yiuf hits you with a +4 quarterstaff of chaos!
Ouch! That really hurt!
You feel agile all of a sudden.
Your foxfire dissipates!
The foxfire hits Crazy Yiuf.
Crazy Yiuf is lightly wounded.
Crazy Yiuf laughs, "Adder cower meccalolo!"
You conjure some foxfire!
Crazy Yiuf misses you.
The foxfire hits Crazy Yiuf but does no damage.
The foxfire hits Crazy Yiuf.
Crazy Yiuf is lightly wounded.
You conjure some foxfire!
Crazy Yiuf hits you with a +4 quarterstaff of chaos!
* * * LOW HITPOINT WARNING * * *
Your foxfire dissipates!
The foxfire hits Crazy Yiuf.
Crazy Yiuf is moderately wounded.
Crazy Yiuf misses you.
You conjure some foxfire!
Crazy Yiuf cries, "Rifle hog meccalolo!"
The foxfire hits Crazy Yiuf but does no damage.
Crazy Yiuf is moderately wounded.
Your foxfire dissipates!
You conjure some foxfire!
The foxfire hits Crazy Yiuf but does no damage.
Crazy Yiuf is moderately wounded.
Your foxfire dissipates!
You conjure some foxfire!
The foxfire hits Crazy Yiuf.
Crazy Yiuf is heavily wounded.
The foxfire hits Crazy Yiuf but does no damage.
Crazy Yiuf is heavily wounded.
You conjure some foxfire!
The foxfire hits Crazy Yiuf but does no damage.
Crazy Yiuf is heavily wounded.
The foxfire hits Crazy Yiuf but does no damage.
Crazy Yiuf is heavily wounded.
You conjure some foxfire!
Crazy Yiuf hits you with a +4 quarterstaff of chaos!
You die... ██████████████ █.....'........ █.....█████.... ███████.......█ █.... ███████

█......██.)..<█ █....
█.....████......████████████..
█.....'..+....................
█.....████...§..██████████████
███.█.......v.g....█
█.█.███...v@.§██.███████████
█.█.█ █.......██...†........
█.█.█ █.█.██████████████████
█.█.███.█.█████.............
█.█.█<..█.█...█.████████████
█.█.█████.█.█.█.█...........
██████..(..█
█.█.█.█.█.██████████
.........█.█
█.....█.█...........
██████████.█
███...█......███████


You could see Crazy Yiuf (ally target).

Vanquished Creatures
  Jessica (D:2)
  An adder (D:2)
  A worm (D:2)
  2 dart slugs (D:2)
  3 endoplasms
  2 giant cockroaches
  3 hobgoblins (D:1)
  3 jackals (D:1)
  4 kobolds (D:1)
  A quokka (D:2)
  4 ball pythons
  7 bats
  4 frilled lizards
  5 goblins
  3 rats
44 creatures vanquished.

Vanquished Creatures (others)
  98 foxfires
98 creatures vanquished.

Grand Total: 142 creatures vanquished

Notes
Turn   | Place    | Note
-------+----------+-------------------------------------------
     0 | D:1      | nht the Demonspawn Fire Elementalist began the quest for
                  | the Orb.
     0 | D:1      | Reached XP level 1. HP: 13/13 MP: 3/3
   457 | D:1      | Gained mutation: You are partially covered in razor-sharp
                  | scales. (AC +1, Slay +1) [demonic ancestry]
   457 | D:1      | Reached XP level 2. HP: 19/19 MP: 3/5
   588 | D:1      | Reached skill level 3 in Fire Magic
  1099 | D:1      | Gained mutation: You have sharp toenails. [demonic
                  | ancestry]
  1099 | D:1      | Reached XP level 3. HP: 24/24 MP: 0/6
  1353 | D:2      | Noticed Jessica
  1363 | D:2      | Killed Jessica
  1510 | D:2      | Found a shimmering blue altar of Sif Muna.
  1573 | D:2      | Gained mutation: You have razor-sharp toenails. [demonic
                  | ancestry]
  1573 | D:2      | Reached XP level 4. HP: 30/30 MP: 7/7
  2078 | D:2      | Found a runed translucent door.
  2079 | D:2      | Noticed Crazy Yiuf
  2613 | D:2      | Slain by Crazy Yiuf

Illustrated notes

Levels and vault maps discovered:
D:1:      ncdulo_smallfort, layout_basic, chequers_serial_rivers_micro_b,
          minmay_liquid_box
D:2:      layout_basic, basic_altar, uniq_jessica, uniq_crazy_yiuf_cottage

Skill      XL: |  1  2 |
---------------+-------+-----
Fire Magic     | 3 |  3.7
Conjurations   | 2 |  2.8
Dodging        | |  1.9
Stealth        | |  1.9
Spellcasting   | |  2.0

Action                   |  1- 3 |  4- 6 || total
-------------------------+-------+-------++-------
Melee: Unarmed           |     5 |       ||     5
       Short sword       |     6 |     5 ||    11
       Dagger            |       |     3 ||     3
 Cast: Foxfire           |    49 |    16 ||    65
  Use: Scroll            |     1 |     3 ||     4
 Stab: Sleeping          |     1 |     1 ||     2
Armor: Robe              |     6 |     2 ||     8
Dodge: Dodged            |    16 |    13 ||    29

Table legend: (Time is in decaauts)
 A = Elapsed time spent in this place.
 B = Non-inter-level travel time spent in this place.
 C = Inter-level travel time spent in this place.
 D = Time resting spent in this place.
 E = Time spent auto-exploring this place.
 F = Levels seen in this place.
 G = Mean time per level.
                   A        B        C        D        E       F      G
               +--------+--------+--------+--------+--------+-----+--------+
         Total |   2612 |   2604 |      8 |      0 |   2291 |   2 | 1306.0 |
       Dungeon |   2612 |   2604 |      8 |      0 |   2291 |   2 | 1306.0 |
               +--------+--------+--------+--------+--------+-----+--------+

Top non-repeatable levels by time:
     D:2: 1408 daAuts
     D:1: 1204 daAuts
